 Dungeon Crawl Stone Soup version 0.16.1-12-gf5c4a84 (webtiles) character file.

1448490 Alamar the Conqueror (level 27, 273/273 HPs)
             Began as a Centaur Gladiator on Apr 8, 2015.
             Was the Champion of Trog.
             Escaped with the Orb
             ... and 3 runes on Apr 10, 2015!
             The game lasted 19:09:18 (112666 turns).

Alamar the Conqueror (Centaur Gladiator)          Turns: 112666, Time: 19:09:18

Health: 273/273    AC: 50    Str: 36    XL:     27
Magic:  10/10      EV: 11    Int:  7    God:    Trog [******]
Gold:   2059       SH: 23    Dex: 17    Spells: 0 memorised, 26 levels left

rFire  + + .     SeeInvis +     n - +9 demon trident (antimagic)
rCold  + + .     Clarity  .     M - +8 gold dragon armour
rNeg   + . .     SustAb   .     h - +0 large shield
rPois  +         Gourm    .     c - +1 helmet
rElec  +         Spirit   .     K - +2 cloak
rCorr  .         Warding  .     F - +2 pair of gloves of Nyon {rElec rC+ MR+ Dex-3 SInv}
rMut   +         Stasis   .     I - +2 centaur barding of Ennui {rN+ Dex+5 Stlth-}
MR     ++++.                    J - amulet "Cleushon" {rMut rF+ MR+ Str+4}
Stlth  ..........               f - +6 ring of strength
                                p - +5 ring of slaying

@: very quick, incredibly resistant to hostile enchantments, extremely
unstealthy
A: hooves 3, deformed body, speed 2, tough skin 3
a: Burn Spellbooks, Berserk, Trog's Hand, Brothers in Arms, Renounce Religion
0: Orb of Zot
}: 3/15 runes: decaying, silver, gossamer


You escaped.
You worshipped Trog.
Trog was exalted by your worship.
You were very full.

You visited 11 branches of the dungeon, and saw 58 of its levels.
You visited 1 bazaar.
You also visited: Labyrinth, Trove, Sewer, Ice Cave and Wizlab.

You collected 8671 gold pieces.
You spent 6612 gold pieces at shops.

Inventory:

Hand weapons
 b - a +3 antimagic trident
 i - a +4 demon trident of draining
 n - a +9 antimagic demon trident (weapon)
 O - a +0 blowgun
Missiles
 o - 5 steel javelins
 w - 7 tomahawks of dispersal
 x - 2 throwing nets
 A - 11 curare-tipped needles
 Y - 37 tomahawks (quivered)
Armour
 c - a +1 helmet (worn)
 h - a +0 large shield (worn)
 B - the +7 chain mail of Pandemonium {+Blink rC+ Regen+ Int+4}
   (You took it off a deep elf priest on level 5 of the Vaults)

   It affects your intelligence (+4).
   It protects you from cold.
   It lets you blink.
   It increases your rate of regeneration.
 F - the +2 pair of gloves of Nyon (worn) {rElec rC+ MR+ Dex-3 SInv}
   (You found it in a treasure trove)

   It affects your dexterity (-3).
   It protects you from cold.
   It insulates you from electricity.
   It affects your resistance to hostile enchantments.
   It enhances your eyesight.
 I - the +2 centaur barding of Ennui (worn) {rN+ Dex+5 Stlth-}
   (You acquired it on level 5 of the Depths)

   It affects your dexterity (+5).
   It protects you from negative energy.
   It makes you less stealthy.
 K - a +2 cloak (worn)
 M - a +8 gold dragon armour (worn)
Jewellery
 f - a +6 ring of strength (right hand)
 p - a +5 ring of slaying (left hand)
 J - the amulet "Cleushon" (around neck) {rMut rF+ MR+ Str+4}
   (You found it on level 5 of the Vaults)

   [amulet of resist mutation]

   It protects you from mutation.
   It affects your strength (+4).
   It protects you from fire.
   It affects your resistance to hostile enchantments.
Magical devices
 a - a wand of teleportation (4)
 j - a wand of digging (3)
 D - a wand of teleportation (3)
 Q - a wand of digging (20)
 R - a wand of invisibility (5)
 V - a wand of digging (8)
Scrolls
 m - 20 scrolls of fear
 q - 5 scrolls of blinking
 t - 29 scrolls of remove curse
 y - 6 scrolls of fog
 z - 6 scrolls of magic mapping
 C - 2 scrolls of summoning
 E - 16 scrolls of identify
 P - 8 scrolls of recharging
 S - 24 scrolls of teleportation
Potions
 d - a potion of resistance
 e - 8 potions of agility
 g - 3 potions of invisibility
 k - a potion of cancellation
 l - 16 potions of heal wounds
 r - 2 potions of cure mutation
 s - a potion of restore abilities
 u - 3 potions of flight
 N - 18 potions of curing
 W - 3 potions of berserk rage
 X - 6 potions of haste
 Z - 5 potions of might
Miscellaneous
 v - a lamp of fire
 G - a phial of floods
Comestibles
 H - 12 meat rations
 L - 12 royal jellies
 T - 10 bread rations
 U - 14 fruits


   Skills:
 O Level 27 Fighting
 - Level 16.0 Polearms
 - Level 2.6 Throwing
 + Level 22.8 Armour
 + Level 12.7 Dodging
 - Level 15.0 Shields
 - Level 8.0 Evocations


You had 26 spell levels left.
You didn't know any spells.

Dungeon Overview and Level Annotations

Branches:
Dungeon (15/15)            Temple (1/1) D:5            Lair (8/8) D:10
  Swamp (5/5) Lair:4       Spider (5/5) Lair:4        Slime (0/6) Lair:7
    Orc (4/4) D:11            Elf (2/3) Orc:3        Vaults (5/5) D:14
  Crypt (3/3) Vaults:2       Tomb (0/3) Crypt:3      Depths (5/5) D:15
    Zot (5/5) Depths:5

Altars:
Ashenzari
Cheibriados
Dithmenos
Elyvilon
Fedhas
Gozag
Kikubaaqudgha
Makhleb
Nemelex Xobeh
Okawaru
Qazlal
Ru
Sif Muna
Trog
Vehumet
Xom
Yredelemnul
Zin
The Shining One
Beogh

Shops:
D:4 *   D:6 %   D:12 [   D:14 =   Orc:1 *   Orc:3 :   Orc:4 %!(=   Vaults:1 !
Vaults:2 [   Depths:5 [

Portals:
Hell: Depths:1 Depths:2 Depths:3 Depths:4 Depths:5
Abyss: Depths:4 Depths:5
Pandemonium: Depths:1 Depths:3 Depths:4
Ziggurat: Depths:1 Depths:4

Annotations:
D:15 exclusion: Roxanne, Roxanne
Lair:7 exclusion: 2 oklob plants


Innate Abilities, Weirdness & Mutations

You have hooves in place of feet.
Armour fits poorly on your strangely shaped body.
You cover ground very quickly.
You have extremely tough skin (AC +3).


Message History

You sense a powerful magical force warping space.
There is a stone staircase leading down here.
An Orb Guardian comes into view.
There is a stone staircase leading up, spattered with blood here.
You climb upwards.
You sense a powerful magical force warping space.
There is a stone staircase leading down, spattered with blood here.
Items here: )) [[ a robe; a chain mail; a whip; a dagger
There is a stone staircase leading up, spattered with blood here.
You climb upwards.
You sense a powerful magical force warping space.
There is a stone staircase leading down here.
There is a stone staircase leading up here.
You climb upwards.
You sense a powerful magical force warping space.
There is a stone staircase leading down here.
There is a stone staircase leading down here.
There is a staircase leading out of the dungeon here.
You have escaped!

# #....'.......# #..........#
###....#......####..........#
..)......####...#...........#
....###.## ##..#.###..######
....###.# #....###..#
'#......## ##......#..########
..§≈≈§≈..####..≈≈≈≈...........#
.§§§§§≈≈......≈≈≈≈≈≈..#######.#
.§≈§≈≈≈§......≈≈@>≈≈..# #.#
..≈§≈§≈≈......≈≈≈≈.≈..# #.#
..§§§≈§§...#...≈≈≈≈...# #.#
..§..§...#.##.........# #.#
#.....(.##...........## #.#
###.(†#..#...#.>####### #.#
#...##...###........# #.#
#...###### #.......)#######.#
#...# #........#....)..#


There were no monsters in sight!

Vanquished Creatures
  6 orbs of fire
  5 ancient liches
  2 greater mummies (Crypt:1)
  Boris (Depths:3)
  Sojobo (Crypt:2)
  the Lernaean hydra (Swamp:5)
  Margery (Crypt:2)
  6 curse toes
  4 Killer Klowns (Zot:5)
  7 golden dragons
  A profane servitor (Crypt:2)
  3 bone dragons
  Arachne (Spider:4)
  8 electric golems
  A shard shrike zombie (Crypt:3)
  15 tentacled monstrosities
  A titan (Zot:4)
  24 Orb Guardians
  11 liches
  Asterion (Spider:1)
  A quicksilver dragon (Zot:4)
  3 sphinxes
  An octopode crusher (Depths:2)
  The ghost of arnash the Warrior, a mighty HOFi of Makhleb (Swamp:5)
  15 storm dragons
  Agnes (Elf:1)
  2 thorn hunters (Swamp:4)
  Kirke (D:15)
  7 shadow dragons
  8 ancient champions
  6 tengu reavers
  6 draconian monks
  An Executioner (D:14)
  10 ghost moths
  4 revenants
  17 vault wardens
  Donald (Swamp:1)
  Wiglaf (Vaults:4)
  Maud (D:15)
  8 draconian scorchers
  9 fire giants
  20 frost giants
  6 draconian knights
  An iron dragon (Vaults:5)
  Aizul (Spider:5)
  Louise (D:15)
  6 draconian zealots
  5 deep elf sorcerers
  13 emperor scorpions
  4 reapers
  8 ghouls
  Jorgrun (Spider:3)
  19 ironheart preservers
  12 draconian annihilators
  A war gargoyle (Vaults:5)
  10 grey draconians
  9 draconian shifters
  12 very ugly things
  A caustic shrike skeleton (Crypt:1)
  24 stone giants
  5 green draconians
  6 deep elf demonologists
  3 draconian callers
  7 black draconians
  9 yellow draconians
  6 vampire knights
  3 pale draconians
  Azrael (Spider:1)
  9 white draconians
  11 purple draconians
  6 mottled draconians
  10 red draconians
  5 dire elephants
  An unborn (Crypt:1)
  10 jiangshi
  9 ettins
  Snorg (D:15)
  39 vault guards
  3 eidola
  21 fire dragons
  12 yaktaur captains
  4 deep elf death magi
  A merfolk impaler (Depths:2)
  8 great orbs of eyes
  A blizzard demon (Depths:4)
  A deep elf high priest (Vaults:5)
  6 minotaurs
  9 rakshasas
  Fannar (D:12)
  15 ice dragons
  4 spriggan air magi
  9 death cobs
  The ghost of KarvaRausku the Basher, a powerful DsCK of Xom (Orc:2)
  5 alligators
  2 ghost crabs
  Nessos (D:11)
  19 hydras
  3 monstrous demonspawn (WizLab)
  17 ogre magi
  A catoblepas (Depths:4)
  Erica (Orc:2)
  7 deep troll earth magi
  19 dancing weapons
  12 centaur warriors
  8 vampire magi
  A hell beast (Depths:3)
  2 tengu warriors
  6 death knights
  20 death yaks
  A titan zombie (Crypt:3)
  A satyr (shapeshifter) (Vaults:5)
  Urug (Orc:4)
  An orc high priest (Orc:4)
  9 spriggan berserkers
  11 deep troll shamans
  3 spectral storm dragons (Crypt:1)
  A soul eater (Crypt:3)
  A sun demon (Depths:3)
  16 deep elf knights
  38 skeletal warriors
  5 hell knights
  A fire crab (Vaults:3)
  A salamander mystic (Depths:4)
  9 shadow wraiths
  A storm dragon skeleton (Crypt:3)
  42 deep trolls
  8 deep elf summoners
  2 anaconda zombies
  A gelid demonspawn (Depths:3)
  14 swamp dragons
  12 necromancers
  6 unseen horrors
  6 flayed ghosts
  3 spriggan druids
  An unseen horror (shapeshifter) (Depths:4)
  2 ice statues
  18 hill giants
  A shambling mangrove (Swamp:4)
  A giant orange brain (Vaults:2)
  4 wizards
  4 harpies (Vaults:3)
  A shadow dragon zombie (Vaults:3)
  A hill giant (shapeshifter) (Vaults:5)
  15 ironbrand convokers
  A deathcap (Zot:5)
  4 orc sorcerers
  A mana viper (shapeshifter) (Vaults:5)
  A wolf spider zombie (Crypt:2)
  14 deep elf conjurers
  13 orc knights
  A sphinx zombie (Vaults:4)
  16 orb spiders
  42 ugly things
  3 fire giant zombies
  11 hornets
  A spectral ice dragon (Crypt:1)
  A tengu skeleton (Depths:4)
  A shadow dragon skeleton (Crypt:1)
  37 wolf spiders
  7 griffons
  4 cyclopes
  3 salamanders
  4 spectral fire dragons (Crypt:1)
  4 oklob plants (Lair:5)
  A sphinx skeleton (Depths:1)
  2 hornets (shapeshifter)
  2 stone giant zombies
  20 elephants
  A frost giant skeleton (Crypt:3)
  A black mamba (shapeshifter) (Vaults:4)
  27 moths of wrath
  17 phantasmal warriors
  3 sixfirhies
  An iron dragon skeleton (Depths:4)
  5 gargoyles
  2 human skeletons (Vaults:4)
  Maurice (D:8)
  12 vault sentinels
  2 fire giant skeletons
  2 rust devils (Depths:3)
  Joseph (D:8)
  4 black mambas
  A torpor snail (shapeshifter) (Vaults:4)
  2 dire elephant skeletons
  27 spiny frogs
  2 octopodes (shapeshifter)
  2 kobold demonologists (Vaults:3)
  An emperor scorpion zombie (Crypt:2)
  2 torpor snails
  A shock serpent skeleton (Crypt:3)
  20 demonic crawlers
  8 komodo dragons
  2 tengu conjurers
  A blue devil (Zot:5)
  An efreet (D:13)
  A yaktaur zombie (Vaults:3)
  55 yaktaurs
  A purple draconian skeleton (Crypt:1)
  A hellwing (Depths:3)
  3 red devils
  A yellow draconian skeleton (Crypt:3)
  A minotaur zombie (Crypt:2)
  An iron troll skeleton (Crypt:1)
  31 jumping spiders
  7 fire drakes
  6 giant leeches
  A harpy zombie (Crypt:3)
  A silent spectre (Crypt:2)
  40 two-headed ogres
  A polar bear (shapeshifter) (Depths:1)
  A merfolk (shapeshifter) (Vaults:2)
  16 deep elf priests
  A queen bee (shapeshifter) (Zot:4)
  10 wandering mushrooms
  57 blink frogs
  Sonja (D:15)
  4 baby alligators (Swamp:1)
  A baby alligator (shapeshifter) (Vaults:5)
  7 freezing wraiths
  2 shadow dragon simulacra
  9 trolls
  17 polar bears
  A blink frog (shapeshifter) (Depths:5)
  A raiju (shapeshifter) (Vaults:3)
  A boulder beetle (shapeshifter) (Vaults:5)
  28 slime creatures
  A minotaur skeleton (Depths:1)
  16 ravens
  2 ettin zombies
  A two-headed ogre (shapeshifter) (Depths:4)
  A harpy skeleton (D:15)
  8 boulder beetles
  7 bog bodies
  A stone giant simulacrum (Vaults:3)
  A hydra skeleton (Crypt:2)
  An ice dragon zombie (Zot:5)
  5 basilisks
  3 elf zombies
  A fire dragon zombie (Crypt:1)
  5 shadows
  A frost giant simulacrum (Depths:1)
  8 spriggans
  13 trapdoor spiders
  17 flying skulls
  A satyr skeleton (Crypt:1)
  53 redbacks
  A spriggan (shapeshifter) (Vaults:4)
  A fire dragon skeleton (Crypt:3)
  34 tarantellas
  6 vampires
  An alligator skeleton (Crypt:1)
  An ettin skeleton (Crypt:1)
  A guardian serpent skeleton (Crypt:3)
  8 wraiths
  A golden eye (shapeshifter) (Vaults:4)
  5 air elementals
  5 humans (Lair:7)
  4 wyverns
  18 deep elf magi
  A neqoxec (Vaults:2)
  12 water elementals
  50 yaks
  Grum (D:12)
  A steam dragon (Lair:4)
  A yak (shapeshifter) (Vaults:1)
  6 fire elementals
  23 wolves
  8 hippogriffs
  5 hungry ghosts
  27 swamp worms
  11 insubstantial wisps
  4 mottled dragons
  4 wargs
  Edmund (D:6)
  33 deep elf fighters
  2 ogre zombies (Depths:3)
  43 vampire mosquitoes
  28 water moccasins
  The ghost of jazmu the Firebug, an average OpFE of Vehumet (D:3)
  A monstrous demonspawn zombie (Crypt:1)
  12 porcupines
  2 sky beasts
  A faun skeleton (Crypt:3)
  3 ice beasts
  13 swamp drakes
  2 eyes of draining
  Purgy (Sewer)
  26 orc warriors
  A snapping turtle zombie (Crypt:1)
  2 spiny frog skeletons (Crypt:3)
  2 eyes of draining (shapeshifter)
  2 soldier ants
  A black bear (shapeshifter) (Vaults:2)
  21 spiders
  A baby alligator skeleton (Crypt:2)
  2 black bears
  A tengu (shapeshifter) (Vaults:4)
  10 wasps
  An alligator simulacrum (Crypt:1)
  16 boggarts
  5 hell hounds (Spider:1)
  An ettin simulacrum (Crypt:1)
  13 crocodiles
  A boring beetle (shapeshifter) (Vaults:5)
  35 centaurs
  8 phantoms
  A necrophage (Crypt:2)
  A black mamba simulacrum (Crypt:3)
  78 ogres
  2 boring beetles
  A fire drake zombie (Crypt:2)
  Sigmund (D:3)
  Duvessa (D:9)
  3 big kobolds
  Blork the orc (D:8)
  37 giant frogs
  A lost soul (Crypt:3)
  A wyvern skeleton (D:10)
  A water moccasin skeleton (D:7)
  A raiju zombie (Crypt:1)
  5 scorpions
  10 killer bees
  9 wights
  7 electric eels
  5 jellies
  Dowan (D:9)
  14 crimson imps
  2 giant frog zombies
  5 centaur zombies
  A wasp zombie (D:10)
  An iron imp (Depths:3)
  25 orc priests
  2 giant frog skeletons
  A two-headed ogre zombie (Depths:3)
  3 quasits
  A gnoll shaman (D:3)
  16 hounds
  8 centaur skeletons
  2 human zombies
  10 worker ants
  39 orc wizards
  12 sheep
  9 iguanas
  Ijyb (Lair:7)
  A brain worm zombie (Crypt:3)
  A naga skeleton (Crypt:1)
  2 hound skeletons
  2 mummies
  13 gnolls
  25 adders
  58 river rats
  A swamp drake skeleton (Crypt:1)
  2 giant mites
  10 shadow imps
  An ufetubus (Depths:3)
  4 worms
  A spectral adder (Crypt:1)
  5 adder skeletons
  An adder zombie (D:7)
  A lava snake skeleton (Crypt:2)
  A lava snake zombie (Crypt:3)
  An ooze (D:2)
  187 orcs
  3 bat skeletons
  A bat zombie (D:4)
  14 giant cockroaches
  20 hobgoblins
  12 jackals
  38 kobolds
  13 quokkas
  2 ball pythons
  31 bats
  6 giant geckos
  5 giant newts
  2 giant spores
  17 goblins
  A quokka zombie (D:4)
  32 rats
  A rat skeleton (D:7)
  A spectral rat (Crypt:3)
  4 ballistomycetes
  2 briar patches (Swamp:4)
  A butterfly (Lair:6)
  4 crawling corpses
  A fungus (Elf:2)
3137 creatures vanquished.

Vanquished Creatures (collateral kills)
  Khufu (Crypt:1)
  Frances (D:15)
  A shadow dragon (Depths:2)
  An emperor scorpion (Spider:5)
  A cacodemon (Depths:1)
  A deep troll earth mage (Depths:1)
  The ghost of lorenzova the Covert, a powerful SpEn of Dithmenos (D:12)
  2 spriggan berserkers
  3 deep trolls (Depths:1)
  A giant orange brain (shapeshifter) (Depths:2)
  A putrid demonspawn (Depths:1)
  A hornet (Spider:5)
  A smoke demon (Depths:1)
  2 demonic crawlers (Spider:4)
  A red devil (Depths:1)
  A vampire (Crypt:2)
  A hungry ghost (D:12)
  2 insubstantial wisps (Swamp:4)
23 creatures vanquished.

Vanquished Creatures (others)
  A draconian scorcher (Zot:5)
  An ettin (Vaults:5)
  A catoblepas (D:14)
  An ogre mage (Orc:4)
  2 deep trolls (Crypt:1)
  A necromancer (Crypt:1)
  A kobold demonologist (Vaults:3)
  2 two-headed ogres
  2 trolls
  A wraith (Zot:5)
  5 humans (D:15)
  A flying skull (Crypt:1)
  A neqoxec (Depths:4)
  A tarantella (shapeshifter) (D:14)
  A deep elf mage (Vaults:5)
  A deep elf fighter (Elf:1)
  3 wolves (IceCv)
  A yak (IceCv)
  A sky beast (D:14)
  An ogre (D:15)
  4 lost souls
  A giant frog (Swamp:3)
  A wight (D:15)
  An orc (D:15)
  A giant spore (D:7)
  11 plants
48 creatures vanquished.

Grand Total: 3208 creatures vanquished

Notes
Turn   | Place    | Note
--------------------------------------------------------------
     0 | D:1      | Alamar, the Centaur Gladiator, began the quest for the Orb.
     0 | D:1      | Reached XP level 1. HP: 17/17 MP: 1/1
   193 | D:1      | Reached skill level 3 in Polearms
   293 | D:1      | Reached XP level 2. HP: 24/24 MP: 2/2
   455 | D:1      | Reached skill level 1 in Armour
   833 | D:2      | Reached XP level 3. HP: 29/29 MP: 3/3
  1684 | D:2      | Reached XP level 4. HP: 36/36 MP: 3/3
  1934 | D:3      | Noticed jazmu's ghost (average OpFE)
  1948 | D:3      | Killed jazmu's ghost
  1948 | D:3      | Reached skill level 4 in Polearms
  1948 | D:3      | Reached XP level 5. HP: 31/41 MP: 4/4
  2048 | D:3      | Noticed Sigmund
  2385 | D:3      | Reached XP level 6. HP: 44/48 MP: 5/5
  2420 | D:3      | Found a glowing drain.
  2442 | Sewer    | Entered a sewer
  2570 | Sewer    | Noticed Purgy
  2587 | Sewer    | Killed Purgy
  2587 | Sewer    | Reached skill level 5 in Polearms
  3841 | D:4      | Found Cuby's General Store.
  3849 | D:4      | Bought a scroll of immolation for 45 gold pieces
  4627 | D:4      | Reached XP level 7. HP: 52/55 MP: 5/5
  4768 | D:4      | Found an iron altar of Okawaru.
  5390 | D:4      | Reached skill level 6 in Polearms
  5935 | D:4      | You fall through a shaft for 2 floors!
  6038 | D:6      | Found Smualueb's Food Shop.
  6119 | D:5      | Entered Level 5 of the Dungeon
  6590 | D:4      | Reached XP level 8. HP: 56/63 MP: 6/6
  7192 | D:5      | Reached skill level 7 in Polearms
  7676 | D:5      | Found a staircase to the Ecumenical Temple.
  7686 | Temple   | Entered the Ecumenical Temple
  8402 | D:6      | Noticed Edmund
  8708 | D:6      | Reached skill level 5 in Fighting
  9322 | D:6      | Reached skill level 8 in Polearms
  9372 | D:6      | Identified Choduaf's Reference Book on Self-Knowledge
  9508 | D:6      | Found an ancient bone altar of Kikubaaqudgha.
  9552 | D:6      | Reached XP level 9. HP: 75/75 MP: 7/7
 10941 | D:7      | Reached skill level 5 in Armour
 11325 | D:7      | Reached skill level 9 in Polearms
 12156 | D:8      | Noticed Joseph
 12262 | D:8      | Noticed Blork the orc
 12275 | D:8      | Killed Blork the orc
 12299 | D:8      | Noticed Maurice
 13247 | D:8      | Reached XP level 10. HP: 56/83 MP: 7/7
 13301 | D:8      | Found a sparkling altar of Nemelex Xobeh.
 13302 | D:8      | Found an opulent altar of Gozag.
 13378 | D:8      | Found a deep blue altar of Sif Muna.
 13381 | D:8      | Found a white marble altar of Elyvilon.
 13381 | D:8      | Found a basalt altar of Yredelemnul.
 13675 | D:9      | Reached skill level 10 in Polearms
 13698 | D:9      | Noticed Duvessa
 13699 | D:9      | Noticed Dowan
 13710 | D:9      | Killed Duvessa
 13724 | D:9      | Killed Dowan
 13734 | D:9      | Got a steaming leather armour
 14428 | D:9      | Found a runed door.
 14428 | D:9      | Noticed an unseen horror
 14450 | D:9      | Killed an unseen horror
 14816 | D:10     | Entered Level 10 of the Dungeon
 14906 | D:9      | Identified the +2 leather armour "Shreupsergh" {rF- Int+7} (You found it on level 9 of the Dungeon)
 14940 | D:9      | Found a glowing silver altar of Zin.
 14940 | D:9      | Found a bloodstained altar of Trog.
 14949 | D:9      | Became a worshipper of Trog the Wrathful
 15454 | D:10     | Acquired Trog's first power
 15577 | D:10     | Reached skill level 11 in Polearms
 15683 | D:10     | Acquired Trog's second power
 15940 | D:10     | Found a staircase to the Lair.
 15951 | Lair:1   | Entered Level 1 of the Lair of Beasts
 16322 | D:10     | Reached XP level 11. HP: 92/92 MP: 8/8
 16762 | D:8      | Killed Maurice
 16857 | D:8      | Killed Joseph
 17052 | D:6      | Killed Edmund
 17150 | D:3      | Killed Sigmund
 17342 | Lair:1   | You fall through a shaft!
 17391 | Lair:1   | Noticed a black mamba
 17406 | Lair:1   | Killed a black mamba
 19877 | Lair:2   | Acquired Trog's third power
 21044 | Lair:3   | Reached XP level 12. HP: 106/106 MP: 9/9
 21047 | Lair:3   | Reached skill level 10 in Fighting
 21200 | Lair:3   | Reached skill level 10 in Armour
 21874 | Lair:4   | Reached skill level 1 in Shields
 22003 | Lair:4   | Found a staircase to the Swamp.
 22393 | Lair:4   | Noticed an eight-headed hydra
 22431 | Lair:4   | Noticed a seven-headed hydra
 22435 | Lair:4   | Killed an eight-headed hydra
 22444 | Lair:4   | Killed a seven-headed hydra
 22939 | Lair:4   | Found a hole to the Spider Nest.
 23094 | Lair:4   | Received a gift from Trog
 23337 | Lair:4   | Reached skill level 12 in Fighting
 23361 | Lair:4   | Got a bloodstained ring mail
 23394 | Lair:3   | Identified the +5 ring mail of Watchfulness {Dex+6} (You took it off a spriggan on level 4 of the Lair of Beasts)
 23859 | Lair:4   | Reached XP level 13. HP: 118/118 MP: 3/9
 24251 | Lair:5   | Reached skill level 5 in Shields
 24843 | Lair:5   | Found a staircase to the Swamp.
 25113 | D:11     | Noticed Nessos
 25128 | D:11     | Killed Nessos
 25583 | D:11     | Received a gift from Trog
 25759 | D:11     | Reached skill level 13 in Fighting
 25951 | D:11     | Found a glowing golden altar of the Shining One.
 25988 | D:11     | Found a staircase to the Orcish Mines.
 26157 | Orc:1    | Entered Level 1 of the Orcish Mines
 26329 | Orc:1    | Found Cluatuag's General Store.
 26359 | Orc:1    | Bought a scroll of teleportation for 30 gold pieces
 26359 | Orc:1    | Bought a potion of magic for 80 gold pieces
 26811 | Orc:2    | Noticed Erica
 26825 | Orc:2    | Killed Erica
 26866 | Orc:2    | Received a gift from Trog
 26874 | Orc:2    | Noticed KarvaRausku's ghost (powerful DsCK)
 26998 | Orc:2    | Killed KarvaRausku's ghost
 27582 | Orc:3    | Found a staircase to the Elven Halls.
 27728 | Orc:3    | Found Omielihi's Book Shop.
 27844 | Orc:3    | Received a gift from Trog
 28059 | Orc:4    | Entered Level 4 of the Orcish Mines
 28123 | Orc:1    | Bought an uncursed ring of protection from magic for 250 gold pieces
 28461 | Orc:4    | Noticed Urug
 28566 | Orc:4    | Killed Urug
 29089 | Orc:4    | Received a gift from Trog
 29593 | Orc:4    | Reached skill level 14 in Fighting
 29843 | Orc:4    | Reached XP level 14. HP: 132/132 MP: 3/10
 29992 | Orc:4    | Found Majyfimn's Jewellery Emporium.
 29993 | Orc:4    | Found Rovoosysab's Distillery.
 29993 | Orc:4    | Found Ivyanu's Antique Weapon Boutique.
 29993 | Orc:4    | Found Wywn's Food Shoppe.
 30125 | Orc:4    | Received a gift from Trog
 30202 | Orc:4    | Found a roughly hewn altar of Beogh.
 30285 | Orc:4    | Bought the amulet "Qusim" {Spirit MP+9 Int+4 Slay+3 SInv} for 933 gold pieces
 30291 | Orc:4    | Bought a potion of poison for 13 gold pieces
 30291 | Orc:4    | Bought a potion of berserk rage for 65 gold pieces
 30800 | D:12     | Noticed Grum
 30818 | D:12     | Killed Grum
 30961 | D:12     | Noticed Fannar
 30993 | D:12     | Killed Fannar
 31009 | D:12     | Noticed lorenzova's ghost (powerful SpEn)
 31024 | D:12     | Killed lorenzova's ghost
 31064 | D:12     | Found Thrutuiz's Antique Armour Boutique.
 32083 | D:13     | Received a gift from Trog
 32695 | D:14     | Found a gate to the Vaults.
 32985 | D:14     | Found Cunon's Jewellery Shoppe.
 33001 | D:14     | Bought a cursed amulet of inaccuracy for 26 gold pieces
 33934 | D:15     | Entered Level 15 of the Dungeon
 34266 | D:15     | Noticed Maud
 34289 | D:15     | Killed Maud
 34473 | D:15     | Noticed Kirke
 34482 | D:15     | Killed Kirke
 34482 | D:15     | Received a gift from Trog
 34486 | D:15     | Reached XP level 15. HP: 139/139 MP: 11/11
 34509 | D:15     | Noticed Frances
 34675 | D:15     | Killed Frances
 34747 | D:15     | Noticed Roxanne
 34747 | D:15     | Noticed Louise
 34771 | D:15     | Killed Louise
 34905 | D:15     | Noticed Snorg
 34918 | D:15     | Killed Snorg
 35005 | D:15     | Noticed Sonja
 35022 | D:15     | Killed Sonja
 35243 | D:15     | Found a staircase to the Depths.
 36854 | Lair:6   | Reached skill level 15 in Fighting
 37315 | Lair:7   | Found a staircase to the Slime Pits.
 37382 | Lair:7   | Found a frozen archway.
 37397 | Lair:7   | Received a gift from Trog
 37417 | IceCv    | Entered an ice cave
 37668 | IceCv    | Identified Lehudib's Guide on Ashen Confrontation
 37723 | IceCv    | Received a gift from Trog
 38188 | IceCv    | Identified Frufiupt's Compendium of Combat Magic
 38226 | Lair:7   | Reached XP level 16. HP: 148/151 MP: 11/11
 38790 | Lair:7   | Noticed Ijyb
 38807 | Lair:7   | Killed Ijyb
 39050 | Lair:7   | Received a gift from Trog
 39370 | Lair:8   | Entered Level 8 of the Lair of Beasts
 39606 | Lair:8   | Reached skill level 16 in Fighting
 39630 | Lair:8   | Found a labyrinth entrance.
 39645 | Lab      | Entered a labyrinth
 39770 | Lab      | Identified the Grimoire of Attacks
 40218 | D:12     | Bought a slimy swamp dragon armour for 1650 gold pieces
 40229 | D:12     | Identified the cursed -1 swamp dragon armour of Exclusion {rPois Dex+2 Stlth+} (You bought it in a shop on level 12 of the Dungeon)
 41432 | Lair:8   | Reached XP level 17. HP: 140/158 MP: 12/12
 41511 | Lair:8   | Received a gift from Trog
 41881 | Spider:1 | Entered Level 1 of the Spider Nest
 41903 | Spider:1 | Noticed Azrael
 41928 | Spider:1 | Killed Azrael
 42727 | Spider:1 | Noticed Asterion
 42736 | Spider:1 | Killed Asterion
 44211 | Spider:2 | Received a gift from Trog
 45048 | Spider:3 | Noticed Jorgrun
 45070 | Spider:3 | Killed Jorgrun
 45180 | Spider:3 | Received a gift from Trog
 45379 | Lair:1   | Identified a scroll of acquirement
 46019 | Spider:3 | Reached skill level 17 in Fighting
 46296 | Spider:4 | Found a roughly hewn altar of Beogh.
 46365 | Spider:4 | Noticed Arachne
 46386 | Spider:4 | Killed Arachne
 46701 | Spider:4 | Got a faintly humming leather armour
 46807 | Spider:3 | Identified the +3 leather armour "Dito" {rPois Int+3} (You found it on level 4 of the Spider Nest)
 47804 | Swamp:1  | Entered Level 1 of the Swamp
 48144 | Swamp:1  | Received a gift from Trog
 48614 | Swamp:1  | Noticed Donald
 48639 | Swamp:1  | Killed Donald
 49122 | Swamp:1  | Reached XP level 18. HP: 171/171 MP: 13/13
 50440 | Swamp:3  | Received a gift from Trog
 50524 | Swamp:3  | Reached skill level 18 in Fighting
 51204 | Swamp:3  | Received a gift from Trog
 51205 | Swamp:3  | Got a twisted demon blade {god gift}
 51923 | Lair:1   | Identified the +6 demon blade of Trog's Reproof {freeze, Noisy +Blink Int+3} (Trog gifted it to you on level 3 of the Swamp)
 53139 | Spider:5 | Entered Level 5 of the Spider Nest
 53369 | Spider:5 | Received a gift from Trog
 53880 | Spider:5 | Noticed Aizul
 53903 | Spider:5 | Killed Aizul
 54167 | Spider:5 | Received a gift from Trog
 55009 | Spider:5 | Reached skill level 19 in Fighting
 55921 | Spider:5 | Received a gift from Trog
 55922 | Spider:5 | Got a crystal trident {god gift}
 55923 | Spider:5 | Identified the +3 trident "Newtbane" {flame, rElec rF+} (Trog gifted it to you on level 5 of the Spider Nest)
 55991 | Spider:5 | Reached skill level 15 in Armour
 56016 | Spider:5 | Got a gossamer rune of Zot
 56394 | Swamp:5  | Entered Level 5 of the Swamp
 56720 | Swamp:5  | Noticed arnash's ghost (mighty HOFi)
 56735 | Swamp:5  | Killed arnash's ghost
 56768 | Swamp:5  | Reached XP level 19. HP: 116/183 MP: 13/13
 57335 | Swamp:5  | Got a crystal arbalest
 57506 | Swamp:5  | Received a gift from Trog
 57532 | Swamp:5  | Noticed the 27-headed Lernaean hydra
 57660 | Swamp:5  | Killed the 27-headed Lernaean hydra
 57817 | Swamp:5  | Got a decaying rune of Zot
 58203 | Lair:1   | Identified the +4 arbalest "Mihi" {penet, rF+ Str+2 SInv} (You found it on level 5 of the Swamp)
 58350 | D:14     | Bought the amulet of the Four Winds {Clar rN+ MR+++} for 551 gold pieces
 58370 | Vaults:1 | Entered Level 1 of the Vaults
 58560 | Vaults:1 | Received a gift from Trog
 58795 | Vaults:1 | Got a bloodstained arbalest
 58803 | Vaults:1 | Identified the +3 arbalest of the Hidden Vale {velocity, rF+ Int+3 Dex-2 Stlth+} (You found it on level 1 of the Vaults)
 58885 | Vaults:1 | Reached skill level 20 in Fighting
 58910 | Vaults:1 | Got a distressingly furry chain mail
 59012 | D:14     | Identified the -2 chain mail of Xom {+Blink Str-3 Int+3} (You found it on level 1 of the Vaults)
 59103 | Vaults:1 | Found Choiss' Distillery.
 59165 | Vaults:1 | Bought a potion of degeneration for 16 gold pieces
 59165 | Vaults:1 | Bought a potion of heal wounds for 80 gold pieces
 59872 | Vaults:1 | Received a gift from Trog
 61410 | Vaults:2 | Received a gift from Trog
 61557 | D:14     | Got an ichor-stained centaur barding
 61568 | D:14     | Identified the -1 centaur barding of Fun and Games {rN+} (You acquired it on level 14 of the Dungeon)
 61888 | Vaults:2 | Found a staircase to the Crypt.
 63163 | Vaults:2 | Found Kloun's Armour Shop.
 63276 | Vaults:2 | Reached XP level 20. HP: 166/195 MP: 14/14
 64183 | Vaults:3 | Received a gift from Trog
 64554 | Vaults:3 | Reached skill level 21 in Fighting
 66745 | Vaults:4 | Received a gift from Trog
 68503 | Vaults:4 | Received a gift from Trog
 69065 | Vaults:4 | Noticed Wiglaf
 69097 | Vaults:4 | Killed Wiglaf
 69508 | Elf:1    | Entered Level 1 of the Elven Halls
 69565 | Elf:1    | Reached skill level 22 in Fighting
 69565 | Elf:1    | Reached XP level 21. HP: 140/207 MP: 5/15
 69763 | Elf:1    | Noticed Agnes
 69785 | Elf:1    | Killed Agnes
 69841 | Elf:1    | Received a gift from Trog
 70377 | Elf:1    | Received a gift from Trog
 70427 | Elf:1    | Found a portal to a secret trove of treasure.
 70470 | Elf:1    | Identified the Guide on the Entourage
 71351 | Elf:1    | You paid a toll of 2 potions of cure mutation to enter a treasure trove
 71352 | Trove    | Entered a treasure trove
 71360 | Trove    | Got a pitted centaur barding
 71378 | Trove    | Identified the +3 centaur barding of Subbec {Regen+ Int+4 Dex-4} (You found it in a treasure trove)
 71409 | Trove    | Got a coiled amethyst amulet
 71411 | Trove    | Identified the amulet "Smadoz" {Spirit Contam Str-2 Dex+8 Stlth+} (You found it in a treasure trove)
 71420 | Trove    | Got a pair of heavily runed gloves
 71456 | Trove    | Identified the +2 pair of gloves of Nyon {rElec rC+ MR+ Dex-3 SInv} (You found it in a treasure trove)
 72183 | Elf:2    | Received a gift from Trog
 72261 | Elf:2    | Found a huge runed gate.
 72261 | Elf:2    | Found a huge runed gate.
 72262 | Elf:2    | Found a huge runed gate.
 72268 | Elf:2    | Found a huge runed gate.
 72268 | Elf:2    | Found a huge runed gate.
 72746 | Elf:2    | Received a gift from Trog
 73640 | Depths:1 | Entered Level 1 of the Depths
 73640 | Depths:1 | Found a gateway to Hell.
 75438 | Depths:1 | Found a gateway to a ziggurat.
 75545 | Depths:1 | Found a one-way gate leading to the halls of Pandemonium.
 75643 | Depths:1 | Received a gift from Trog
 75658 | Depths:1 | Identified the Handbook of the Damaging Arsonist
 75660 | Depths:1 | Identified Ozaaf's Disquisition on Feathery Attacks
 75855 | Depths:1 | Reached skill level 10 in Shields
 76335 | Depths:2 | Found a magical portal.
 76367 | Depths:2 | Reached skill level 23 in Fighting
 76383 | WizLab   | Entered Wucad Mu's Monastery
 77180 | Depths:2 | Reached XP level 22. HP: 220/220 MP: 8/15
 77215 | Depths:2 | Received a gift from Trog
 78403 | Depths:2 | Got a warped whip
 78408 | Depths:2 | Identified the -2 whip of the Unspeakable One {holy, rF+ rN+ Str-4 Dex+2 Stlth+} (You found it on level 2 of the Depths)
 79329 | Depths:3 | Noticed Boris
 79334 | Depths:3 | Found a flickering gateway to a bazaar.
 79348 | Depths:3 | Killed Boris
 79369 | Bazaar   | Entered a bazaar
 79369 | Bazaar   | Found Grol's Distillery.
 79369 | Bazaar   | Found Duacokla's General Store.
 79375 | Bazaar   | Found Dunete Diergh's Assorted Antiques.
 79392 | Bazaar   | Found Choet's Gadget Emporium.
 79411 | Bazaar   | Bought 2 potions of heal wounds for 130 gold pieces
 79411 | Bazaar   | Bought a potion of cure mutation for 455 gold pieces
 79411 | Bazaar   | Bought a potion of curing for 39 gold pieces
 79411 | Bazaar   | Bought a potion of curing for 39 gold pieces
 79411 | Bazaar   | Bought a potion of heal wounds for 65 gold pieces
 79411 | Bazaar   | Bought a potion of haste for 130 gold pieces
 79415 | Bazaar   | Bought a scroll of enchant armour for 135 gold pieces
 79415 | Bazaar   | Bought a potion of restore abilities for 90 gold pieces
 79425 | Bazaar   | Bought a scroll of remove curse for 33 gold pieces
 79697 | Depths:3 | Received a gift from Trog
 80681 | Depths:3 | Paralysed by a great orb of eyes for 3 turns
 81132 | Depths:3 | Found a bloodstained altar of Trog.
 81442 | Depths:3 | Received a gift from Trog
 81478 | Depths:3 | Reached skill level 24 in Fighting
 82545 | Depths:4 | Found a one-way gate to the infinite horrors of the Abyss.
 82593 | Depths:4 | Reached XP level 23. HP: 225/229 MP: 14/16
 82604 | Depths:4 | Received a gift from Trog
 83323 | Depths:4 | Found a gateway to a ziggurat.
 83408 | Depths:4 | Received a gift from Trog
 83774 | Depths:5 | Entered Level 5 of the Depths
 83823 | Depths:5 | Found Kleng's Armour Emporium.
 85360 | Depths:5 | Found a gate to the Realm of Zot.
 85822 | Crypt:1  | Entered Level 1 of the Crypt
 85926 | Crypt:1  | Received a gift from Trog
 85939 | Crypt:1  | Got an ancient demon blade {god gift}
 85951 | Crypt:1  | Identified the +10 demon blade "Ghirraco" {venom, Int+4} (Trog gifted it to you on level 1 of the Crypt)
 86793 | Crypt:1  | Noticed Khufu
 86793 | Crypt:1  | Noticed a greater mummy
 86854 | Crypt:1  | Noticed a greater mummy
 87163 | Crypt:1  | Killed Khufu
 87179 | Crypt:1  | Killed a greater mummy
 88136 | Crypt:1  | Killed a greater mummy
 88689 | Crypt:2  | Reached skill level 25 in Fighting
 88964 | Crypt:2  | Reached XP level 24. HP: 218/241 MP: 7/17
 89034 | Crypt:2  | Noticed Margery
 89081 | Crypt:2  | Killed Margery
 89703 | Crypt:2  | Found a basalt altar of Yredelemnul.
 90243 | Crypt:2  | Noticed Sojobo
 90273 | Crypt:2  | Killed Sojobo
 90340 | Crypt:2  | Found a basalt altar of Yredelemnul.
 90405 | Crypt:3  | Entered Level 3 of the Crypt
 90664 | Crypt:3  | Found a staircase to the Tomb.
 91559 | Crypt:3  | Received a gift from Trog
 91560 | Crypt:3  | Got a fine trident {god gift}
 91567 | Crypt:2  | Identified the +7 trident "Putsutzu" {pierce, rN+ MR+ SInv} (Trog gifted it to you on level 3 of the Crypt)
 91947 | Crypt:3  | Got a steaming turquoise ring
 92227 | Crypt:3  | Identified the ring "Liqegoif" {rElec rN+ MP+9 Dex+3 Slay-3} (You took it off a vampire mage on level 3 of the Crypt)
 92247 | Crypt:3  | Got a clouded amethyst amulet
 92248 | Crypt:3  | Got a faintly glowing scimitar
 92262 | Crypt:2  | Identified the +4 scimitar of Immorality {slice, MP+9 Int+6 Dex-5} (You took it off a vampire on level 3 of the Crypt)
 92266 | Crypt:2  | Identified the amulet "Fiawyugyr" {Ward +Inv rElec rF+ rN+ Str+6 Dex-4} (You took it off a vampire on level 3 of the Crypt)
 92280 | Crypt:3  | Got a thick robe
 92300 | Crypt:2  | Identified the +2 robe of the Lair of Beasts {+Blink Str-5 Dex+5} (You took it off a vampire on level 3 of the Crypt)
 92462 | Crypt:3  | Found an ancient bone altar of Kikubaaqudgha.
 92467 | Crypt:3  | Found a basalt altar of Yredelemnul.
 92952 | Crypt:3  | Identified Cigotuvi's Guide on Dark Rites
 94861 | Vaults:5 | Entered Level 5 of the Vaults
 95001 | Vaults:4 | Reached XP level 25. HP: 181/252 MP: 17/17
 95031 | Vaults:4 | Reached skill level 15 in Shields
 95360 | Vaults:5 | Reached skill level 26 in Fighting
 95556 | Vaults:5 | Received a gift from Trog
 96105 | Vaults:5 | Got a steaming great sword
 96238 | Vaults:5 | Got a scorched chain mail
 96291 | Vaults:4 | Identified the +2 great sword of Trauma {holy, rElec rPois rN+ MR- Dex-2} (You took it off a deep elf high priest on level 5 of the Vaults)
 96308 | Vaults:4 | Identified the +7 chain mail of Pandemonium {+Blink rC+ Regen+ Int+4} (You took it off a deep elf priest on level 5 of the Vaults)
 97060 | Vaults:4 | Received a gift from Trog
 97873 | Vaults:5 | Received a gift from Trog
 97937 | Vaults:5 | Got a silver rune of Zot
 98499 | Vaults:5 | Got a scintillating diamond amulet
 98508 | Vaults:5 | Identified the amulet "Throoreo" {rMut Int+2 Slay+3} (You took it off a frost giant on level 5 of the Vaults)
 99293 | Vaults:5 | Got a scintillating garnet amulet
 99295 | Vaults:5 | Identified the amulet "Cleushon" {rMut rF+ MR+ Str+4} (You found it on level 5 of the Vaults)
 99735 | Orc:4    | Bought a +6 ring of strength for 877 gold pieces
 99936 | Vaults:1 | Bought 2 potions of haste for 320 gold pieces
 99936 | Vaults:1 | Bought a potion of cure mutation for 560 gold pieces
100357 | Zot:1    | Entered Level 1 of the Realm of Zot
100376 | Zot:1    | Reached skill level 15 in Polearms
100376 | Zot:1    | Reached skill level 1 in Evocations
100571 | Zot:1    | Received a gift from Trog
100791 | Zot:1    | Reached XP level 26. HP: 263/263 MP: 8/24
101285 | Zot:1    | Received a gift from Trog
101562 | Depths:5 | Got a faintly humming centaur barding
101573 | Depths:5 | Identified the +2 centaur barding of Ennui {rN+ Dex+5 Stlth-} (You acquired it on level 5 of the Depths)
101888 | Zot:2    | Received a gift from Trog
101991 | Zot:2    | Reached skill level 5 in Evocations
102868 | Zot:2    | Reached skill level 27 in Fighting
103897 | Zot:3    | Received a gift from Trog
104363 | Zot:4    | Reached skill level 5 in Dodging
104947 | Zot:4    | Reached XP level 27. HP: 147/273 MP: 10/31
105614 | Zot:4    | Noticed an orb of fire
105644 | Zot:4    | Killed an orb of fire
105852 | Zot:4    | Identified the Grimoire of Lightness
105866 | Zot:4    | Noticed an orb of fire
105880 | Zot:4    | Killed an orb of fire
107513 | Zot:5    | Entered Level 5 of the Realm of Zot
107550 | Zot:5    | Found a huge runed gate.
107550 | Zot:5    | Found a huge runed gate.
107550 | Zot:5    | Found a huge runed gate.
107550 | Zot:5    | Found a huge runed gate.
107550 | Zot:5    | Found a huge runed gate.
107550 | Zot:5    | Found a huge runed gate.
107550 | Zot:5    | Found a huge runed gate.
107550 | Zot:5    | Found a huge runed gate.
107560 | Zot:5    | Found a huge runed gate.
107560 | Zot:5    | Found a huge runed gate.
107560 | Zot:5    | Found a huge runed gate.
107560 | Zot:5    | Found a huge runed gate.
107560 | Zot:5    | Found a huge runed gate.
107560 | Zot:5    | Found a huge runed gate.
107574 | Zot:5    | Found a huge runed gate.
107579 | Zot:5    | Found a huge runed gate.
107579 | Zot:5    | Found a huge runed gate.
107579 | Zot:5    | Found a huge runed gate.
107579 | Zot:5    | Found a huge runed gate.
107580 | Zot:5    | Found a huge runed gate.
107581 | Zot:5    | Found a huge runed gate.
107582 | Zot:5    | Found a huge runed gate.
107583 | Zot:5    | Found a huge runed gate.
107584 | Zot:5    | Found a huge runed gate.
107604 | Zot:5    | Found a huge runed gate.
107620 | Zot:5    | Found a huge runed gate.
107621 | Zot:5    | Found a huge runed gate.
107621 | Zot:5    | Found a huge runed gate.
107621 | Zot:5    | Found a huge runed gate.
107621 | Zot:5    | Found a huge runed gate.
107622 | Zot:5    | Found a huge runed gate.
107648 | Zot:5    | Found a huge runed gate.
109383 | Zot:5    | Noticed an orb of fire
109383 | Zot:5    | Noticed an orb of fire
110134 | Zot:5    | Noticed an ancient lich
110324 | Zot:5    | Received a gift from Trog
110480 | Zot:5    | Killed an ancient lich
110489 | Zot:5    | Noticed an ancient lich
110500 | Zot:5    | Killed an ancient lich
110500 | Zot:5    | Reached skill level 10 in Dodging
110572 | Zot:5    | Noticed an ancient lich
110823 | Zot:5    | Killed an orb of fire
110903 | Zot:5    | Killed an ancient lich
110942 | Zot:5    | Killed an orb of fire
111070 | Zot:5    | Noticed an ancient lich
111080 | Zot:5    | Killed an ancient lich
111243 | Zot:5    | Noticed an orb of fire
111271 | Zot:5    | Killed an orb of fire
111553 | Zot:5    | Noticed an orb of fire
111610 | Zot:5    | Killed an orb of fire
111667 | Zot:5    | Received a gift from Trog
112018 | Zot:5    | Got the Orb of Zot
112098 | Zot:5    | Noticed an ancient lich
112105 | Zot:5    | Noticed an ancient lich
112115 | Zot:4    | Killed an ancient lich
112255 | Depths:5 | Noticed Thateurchu the pandemonium lord
112666 | D:$      | Escaped with the Orb!

Action                   |  1- 3 |  4- 6 |  7- 9 | 10-12 | 13-15 | 16-18 | 19-21 | 22-24 | 25-27 || total
-------------------------+-------+-------+-------+-------+-------+-------+-------+-------+-------++-------
Melee: Trident           |   128 |   257 |   195 |       |       |       |    10 |       |       ||   590
       Halberd           |       |       |   693 |   160 |       |       |   365 |       |       ||  1218
       Spear             |       |       |       |  1117 |       |       |       |       |       ||  1117
       Demon trident     |       |       |       |    75 |  2081 |  2183 |  2851 |  3409 |  2765 || 13364
 Fire: Blowgun           |       |       |       |     2 |       |    16 |       |     3 |       ||    21
Throw: Stone             |    23 |    29 |    59 |       |       |       |       |       |       ||   111
       Tomahawk          |       |       |       |     3 |       |    58 |     9 |    14 |     8 ||    92
       Javelin           |       |       |       |     2 |     6 |     1 |       |     3 |       ||    12
       Throwing net      |       |       |       |       |     3 |     1 |       |     2 |       ||     6
Invok: Berserk           |       |       |       |    17 |    10 |    10 |     5 |     4 |       ||    46
       Trog's Hand       |       |       |       |     5 |    15 |    11 |    10 |    10 |    24 ||    75
       Brothers in Arms  |       |       |       |       |     3 |     4 |     2 |     7 |       ||    16
Evoke: Wand              |       |       |       |     3 |     3 |     4 |       |       |    14 ||    24
       Phial of floods   |       |       |       |       |       |       |       |     1 |       ||     1
  Use: Scroll            |       |     4 |     4 |     3 |     7 |    19 |     8 |     5 |    28 ||    78
       Potion            |       |       |     2 |     1 |     2 |     2 |     4 |     9 |     7 ||    27
 Stab: Distracted        |       |       |     1 |       |     2 |     1 |     1 |     2 |       ||     7
       Confused          |       |       |       |     3 |       |       |       |       |       ||     3
       Fleeing           |       |       |       |       |     2 |       |       |       |       ||     2
       Held in net/web   |       |       |       |       |       |       |       |     2 |       ||     2
  Eat: Chunk             |     2 |     8 |    24 |    36 |    44 |    49 |    38 |    28 |     8 ||   237
       Fruit             |       |       |       |     3 |     1 |     7 |     2 |     1 |       ||    14
       Meat ration       |       |       |       |     1 |     1 |     1 |     2 |       |     5 ||    10
       Bread ration      |       |       |       |     1 |       |       |     4 |     8 |     2 ||    15
       Beef jerky        |       |       |       |       |     2 |     1 |       |       |     1 ||     4
       Pizza             |       |       |       |       |       |     1 |     1 |     2 |     5 ||     9
       Royal jelly       |       |       |       |       |       |       |       |     1 |     1 ||     2
